 Dungeon Crawl Stone Soup version 0.29-a0-1016-g236c7fd91e (webtiles) character file.

Game seed: 5788465269317126408

27 ytrimaz the Chopper (level 2, 24/24 HPs)
             Began as a Demonspawn Fighter on Aug 9, 2022.
             Was a Follower of Vehumet.
             Quit the game on level 1 of the Dungeon.
             The game lasted 00:00:55 (1031 turns).

ytrimaz the Chopper (Demonspawn Fighter)            Turns: 1031, Time: 00:00:55

Health: 24/24      AC:  6    Str: 16    XL:     2   Next: 93%
Magic:  2/2        EV:  8    Int:  9    God:    Vehumet [*.....]
Gold:   49         SH:  4    Dex: 12    Spells: 1/1 levels left

rFire   . . .      SeeInvis .   a - +0 war axe
rCold   . . .      Faith    .   c - +0 buckler
rNeg    . . .      Spirit   .   b - +0 scale mail
rPois   .          Reflect  .   (helmet restricted)
rElec   .          Harm     .   (no cloak)
rCorr   .          Rampage  .   (no gloves)
Will    .....                   (no boots)
Stlth   ..........              (no amulet)
HPRegen 0.08/turn               (no ring)
MPRegen 0.08/turn               (no ring)

@: no status effects
A: antennae 1
a: Renounce Religion


You were on level 1 of the Dungeon.
You worshipped Vehumet.
Vehumet was aware of your devotion.
You visited 1 branch of the dungeon, and saw 1 of its levels.

You collected 49 gold pieces.

Inventory:

Hand Weapons
 a - a +0 war axe (weapon)
Armour
 b - a +0 scale mail (worn)
 c - a +0 buckler (worn)
 e - a +0 tower shield
Potions
 d - a potion of might
 f - 2 potions of curing


   Skills:
 - Level 3.0 Fighting
 + Level 3.1 Axes
 - Level 2.6 Armour
 - Level 2.6 Shields


You had one spell level left.
You didn't know any spells.
Your spell library contained the following spells:

 Spells                   Type           Power      Damage    Failure   Level
 Freeze                   Ice            0%         1d3       89%         1
 Borgnjor's Revivificati  Necr           0%         N/A       100%        8
 Necromutation            Tmut/Necr      0%         N/A       100%        8
 Death's Door             Necr           0%         N/A       100%        9


Dungeon Overview and Level Annotations

Branches:
Dungeon (1/15)

Altars:
Vehumet


Innate Abilities, Weirdness & Mutations

You have a pair of small antennae on your head.


Message History

A rat is nearby!
The rat bites you.
You barely miss the rat. The rat bites you. x2
You barely miss the rat. The rat barely misses you.
You hit the rat.
The rat is heavily wounded.
The rat barely misses you.
You slash the rat!
You kill the rat!
You see here a rat corpse.
Found a runed dagger.
You see here a +3 dagger.
You open the door.
A goblin comes into view. It is wielding a +0 club.
The goblin shouts!
Found a faded altar of an unknown god.
There is an open door here.
You completely miss the goblin. The goblin hits you but does no damage.
You hit the goblin.
You kill the goblin!
You see here a +0 club.
There is a faded altar of an unknown god here.
You cannot tell which god this altar belongs to.
Convert to them anyway?
Okay, then.
Unknown command.
Press < or > to pray at altars.
Unknown command.
Press < or > to pray at altars.
You cannot tell which god this altar belongs to.
Convert to them anyway?
Vehumet accepts your prayer! Vehumet welcomes you!
You can now gain magical power from killing.
Vehumet offers you knowledge of Freeze.
You start resting.
HP restored.
You open the door.
There is an open door here.
A bat comes into view.
Okay, then.
Are you sure you want to abandon this character and quit the game? (Confirm with "yes".)

##### # #...# ##
######...# #.
.........######.
####.........#......
####...................
#...b8@8.........######
#.#..#'#..###....# #...
#.#....#...###
#..###.###........## #.
#8...8#......#..#### ##
#.._..#...##..#.....
#.#8...8#...###.#####.
#.###)###.## #.# #.
...#.#...# #.. ##


You could see a bat.

Vanquished Creatures
  2 dart slugs (D:1)
  2 ball pythons (D:1)
  3 bats (D:1)
  2 endoplasms (D:1)
  2 giant cockroaches (D:1)
  2 goblins (D:1)
  A hobgoblin (D:1)
  3 kobolds (D:1)
  4 rats (D:1)
21 creatures vanquished.

Notes
Turn   | Place    | Note
-------+----------+-------------------------------------------
     0 | D:1      | ytrimaz the Demonspawn Fighter began the quest for the Orb.
     0 | D:1      | Reached XP level 1. HP: 18/18 MP: 1/1
   529 | D:1      | Gained mutation: You have a pair of small antennae on your
                  | head. [demonic ancestry]
   529 | D:1      | Reached XP level 2. HP: 20/24 MP: 2/2
  1004 | D:1      | Found a faded altar of an unknown god.
  1012 | D:1      | Prayed at the altar of an unknown god.
  1012 | D:1      | Became a worshipper of Vehumet
  1012 | D:1      | Reached * piety under Vehumet
  1012 | D:1      | Offered knowledge of Freeze by Vehumet.
  1031 | D:1      | Quit the game

Illustrated notes

Levels and vault maps discovered:
D:1:      matt_arrival_spirals, layout_rooms,
          dreamdust_ecumenical_altar_angels_and_demons

Skill      XL: |  1  2 |
---------------+-------+-----
Axes           | 2 3 |  3.1
Fighting       | |  3.0
Armour         | |  2.6
Shields        | |  2.6

Action                   || total
-------------------------++-------
Melee: War axe           ||    49
  Use: Scroll            ||     1
       Potion            ||     1
Armor: Scale mail        ||    31
Dodge: Dodged            ||    28
Block: Buckler           ||    12

Table legend: (Time is in decaauts)
 A = Elapsed time spent in this place.
 B = Non-inter-level travel time spent in this place.
 C = Inter-level travel time spent in this place.
 D = Time resting spent in this place.
 E = Time spent auto-exploring this place.
 F = Levels seen in this place.
 G = Mean time per level.
                   A        B        C        D        E       F      G
               +--------+--------+--------+--------+--------+-----+--------+
         Total |   1051 |   1051 |      0 |     12 |    861 |   1 | 1051.0 |
       Dungeon |   1051 |   1051 |      0 |     12 |    861 |   1 | 1051.0 |
               +--------+--------+--------+--------+--------+-----+--------+

Top non-repeatable levels by time:
     D:1: 1051 daAuts
